 Dungeon Crawl Stone Soup version 0.27.0-1-g7a089689b8 (webtiles) character file.

Game seed: 16661216554205775249

262 lmSkywalker the Cleaver (level 6, -10/51 HPs)
             Began as a Hill Orc Fighter on Aug 12, 2021.
             Killed from afar by an orc wizard (11 damage)
             ... with a puff of flame
             ... on level 7 of the Dungeon.
             The game lasted 00:06:31 (2923 turns).

lmSkywalker the Cleaver (Hill Orc Fighter)          Turns: 2923, Time: 00:06:32

Health: -10/51     AC:  6    Str: 19    XL:     6   Next: 18%
Magic:  6/6        EV:  7    Int: 10    God:
Gold:   102        SH:  9    Dex: 10    Spells: 5/5 levels left

rFire    . . .     SeeInvis .   a - +0 war axe
rCold    . . .     Faith    .   c - +0 kite shield
rNeg     . . .     Spirit   .   b - +0 scale mail
rPois    .         Reflect  .   (no helmet)
rElec    .         Harm     .   (no cloak)
rCorr    .         Rampage  .   (no gloves)
Will     .....                  (no boots)
Stlth    ..........             (no amulet)
HPRegen  0.17/turn              (no ring)
MPRegen  0.10/turn              (no ring)

@: mighty
A: no striking features
a: no special abilities


You were on level 7 of the Dungeon.
You visited 1 branch of the dungeon, and saw 5 of its levels.

You collected 102 gold pieces.

Inventory:

Hand Weapons
 a - a +0 war axe (weapon)
Armour
 b - a +0 scale mail (worn)
 c - a +0 kite shield (worn)
Scrolls
 f - a scroll of teleportation {unknown}
 g - a scroll of identify
Potions
 d - 2 potions of brilliance
 e - a potion of curing {unknown}


   Skills:
 - Level 3.6 Fighting
 + Level 8.3 Axes
 - Level 3.2 Armour
 - Level 3.2 Shields


You had 5 spell levels left.
You didn't know any spells.
Your spell library contained the following spells:

 Spells                   Type           Power      Damage    Failure   Level
 Gell's Gravitas          Tloc           0%         N/A       100%        3
 Lesser Beckoning         Tloc           0%         N/A       100%        3
 Teleport Other           Tloc           0%         N/A       100%        3


Dungeon Overview and Level Annotations

Branches:
Dungeon (7/15)
 Temple: D:4-7

Altars:
Ashenzari

Annotations:
D:2 1 runed translucent door, Crazy Yiuf


Message History

The bullfrog is lightly wounded.
You block the bullfrog's attack.
The orc hits you from afar with a +0 trident.
The bullfrog hits you.
You barely miss the bullfrog.
The bullfrog is lightly wounded.
You block the bullfrog's attack. The orc barely misses you.
You block the bullfrog's attack.
You closely miss the bullfrog.
The bullfrog is lightly wounded.
The orc hits you from afar with a +0 trident.
You block the bullfrog's attack. The orc hits you but does no damage.
The bullfrog closely misses you.
You completely miss the bullfrog.
The bullfrog is lightly wounded.
The bullfrog hits you but does no damage.
The orc hits you but does no damage. You block the bullfrog's attack.
You slash the bullfrog!
The bullfrog is heavily wounded.
The bullfrog barely misses you.
The orc hits you from afar with a +0 trident.
The bullfrog hits you.
* * * LOW HITPOINT WARNING * * *
You feel very mighty all of a sudden. You block the orc's attack.
The bullfrog hits you.
* * * LOW HITPOINT WARNING * * *
You closely miss the bullfrog.
The bullfrog is heavily wounded.
The bullfrog hits you but does no damage.
The orc hits you but does no damage. The bullfrog hits you.
* * * LOW HITPOINT WARNING * * *
The orc hits you from afar with a +0 trident.
* * * LOW HITPOINT WARNING * * *
You slash the bullfrog!
You kill the bullfrog!
You hear some strange, mumbled words.
A puff of flame appears from out of thin air!
Deactivating autopickup; reactivate with Ctrl-A.
The puff of flame hits you!
You die...

## .. #. #.
#.## ..# #.#
#@#
#$####)###.#..
#$o..o{......#
#.#.###<###.###
#o.........#
#.###.###.#.#
... ... #...#


You could see an orc.

Vanquished Creatures
  A bullfrog (D:7)
  2 orc wizards (D:7)
  Natasha (thrice) (D:3)
  4 gnolls (D:2)
  5 adders
  2 dart slugs
  2 orcs
  3 ball pythons
  4 endoplasms
  3 giant cockroaches
  4 goblins
  4 hobgoblins
  2 jackals (D:2)
  8 kobolds
  A quokka (D:2)
  4 bats
  2 frilled lizards
  4 rats
58 creatures vanquished.

Notes
Turn   | Place    | Note
-------+----------+-------------------------------------------
     0 | D:1      | lmSkywalker the Hill Orc Fighter began the quest for the
                  | Orb.
     0 | D:1      | Reached XP level 1. HP: 19/19 MP: 1/1
    29 | D:1      | Reached skill level 3 in Axes
   177 | D:1      | Found a faded altar of an unknown god.
   244 | D:1      | Reached XP level 2. HP: 26/26 MP: 2/2
   351 | D:1      | You fall into a shaft and drop 1 floor!
   376 | D:2      | Reached skill level 4 in Axes
   652 | D:2      | Found a broken altar of Ashenzari.
   677 | D:2      | Reached XP level 3. HP: 31/31 MP: 3/3
   808 | D:2      | Reached skill level 5 in Axes
   817 | D:2      | Reached XP level 4. HP: 17/38 MP: 4/4
  1061 | D:2      | Reached skill level 6 in Axes
  1955 | D:2      | Found a runed translucent door.
  1956 | D:2      | Noticed Crazy Yiuf
  2194 | D:3      | Noticed Natasha
  2200 | D:3      | Killed Natasha
  2201 | D:3      | Reached skill level 7 in Axes
  2201 | D:3      | Reached XP level 5. HP: 35/45 MP: 5/5
  2412 | D:3      | Noticed Natasha
  2425 | D:3      | Killed Natasha
  2469 | D:3      | Noticed Natasha
  2715 | D:3      | Killed Natasha
  2886 | D:3      | You fall into a shaft and drop 3 floors!
  2887 | D:6      | Noticed a sky beast
  2890 | D:6      | Noticed an ogre
  2905 | D:7      | Reached skill level 8 in Axes
  2905 | D:7      | Reached XP level 6. HP: 48/51 MP: 6/6
  2922 | D:7      | HP: 1/51 [orc (6)]
  2923 | D:7      | Killed from afar by an orc wizard

Illustrated notes

Levels and vault maps discovered:
D:1:      lightli_iron_boxes, layout_loops_corners,
          hellmonk_ecumenical_altar_arch_garden
D:2:      layout_rooms, basic_altar, minmay_misc_feat_nine_boxes,
          grunt_ministairs_4, uniq_crazy_yiuf_cottage
D:3:      layout_rooms, uniq_natasha
D:6:      layout_loops_ring, grunt_temple_overflow_open, serial_bayou_pond_a
D:7:      layout_loops_ring, serial_shops, shop, uniq_harold

Skill      XL: |  1  2  3  4  5 |
---------------+----------------+-----
Axes           | 3 4 5 7 8 |  8.3
Fighting       | |  3.6
Armour         | |  3.2
Shields        | |  3.2

Action                   |  1- 3 |  4- 6 || total
-------------------------+-------+-------++-------
Melee: War axe           |    40 |   129 ||   169
  Use: Potion            |     1 |     1 ||     2
       Scroll            |       |     1 ||     1
Armor: Scale mail        |     8 |    51 ||    59
Dodge: Dodged            |    10 |    33 ||    43
Block: Kite shield       |    26 |    55 ||    81
